[Event "*** Titled Tuesday Blitz"]
[Site "Chess.com"]
[Date "2020.11.24"]
[Round "7"]
[White "sorrm8thatscheckm8"]
[Black "alexrustemov"]
[Result "1-0"]
[WhiteElo "2505"]
[BlackElo "2640"]
[TimeControl "180+1"]
[EndTime "11:38:26 PST"]
[Termination "sorrm8thatscheckm8 won by resignation"]

1. d4 g6 2. c4 Bg7 3. Nf3 c5 4. g3 cxd4 5. Nxd4 Nc6 6. e3 Nxd4 7. exd4 Qb6 8. Be3 Qxb2 9. Nd2 Qa3 10. Bg2 Nf6 11. O-O O-O 12. Qb1 d5 13. cxd5 Qa6 14. Rc1 Rd8 15. Qb3 Ne8 16. Nc4 Nd6 17. Ne5 Bf5 18. Rc7 Rac8 19. Rac1 Rxc7 20. Rxc7 Bf6 21.
h4 Qb6 22. Qxb6 axb6 23. g4 Bb1 24. g5 Bg7 25. a3 Bf8 26. Nc4 Nxc4 27. Rxc4 Ba2 28.
Rb4 Bxd5 29. Rxb6 e6 30. Bxd5 Rxd5 31. Rxb7 Bxa3 32. Rb8+ Kg7 33. Bf4 Bd6 34. Bxd6 Rxd6 35. Rb4 Rc6 36. Kg2 Rc3 37. f3 Rd3 38. Kg3 h6 39. Kg4 Rd1 40. Kg3 Rg1+ 41. Kf4 h5 42. Rc4 Rh1 43. Kg3 Rd1 44. Rb4 Kf8 45. Rb8+ Ke7 46.
Rb7+ Kf8 47. Rb8+ Kg7 48. Rb4 Rh1 49. d5 exd5 50. Rd4 Kf8 51. Rxd5 Ke7 52. Re5+ Kd6 53. Ra5 Rg1+ 54. Kh2 Rd1 55. Ra7 Ke6 56. Ra6+ Rd6 57. Ra5 Rd5 58. Ra7 Rf5 59. Kg3 Ke5 60. Re7+ Kd4 61. Re8 Kd5 62. Re7 Kd6 63. Re4 Kd7 64. Rd4+ Ke6 65. Re4+ Re5 66. Rf4 Re1 67. Rf6+ Ke7 68.
Ra6 Rg1+ 69. Kh2 Rf1 70. Kg3 Rd1 71. Ra7+ Ke6 72. Ra6+ Rd6 73. Ra4 f6 74. Re4+ Kf7 75. gxf6 Kxf6 76. Rf4+ Ke5 77. Re4+ Kf5 78. Rf4+ Ke6 79.
Re4+ Kf6 80. Rf4+ Kg7 81. Re4 Rf6 82. Re7+ Kh6 83. Re5 Rb6 84. Re4 Rb1 85. Ra4 Rh1 86. Rb4 Rg1+ 87. Kh2 Rf1 88. Kg3 Rg1+ 89. Kh2 Rc1 90.
Kg3 Rc5 91. Re4 Rc7 92. Re6 Kg7 93. Re4 Rc5 94. Re6 Kf7 95. Ra6 Rc1 96. Ra7+ Kf6 97. Ra6+ Kg7 98. Ra5 Kh6 99. Ra6 Rg1+ 100. Kh2 Rb1 101.
Kg3 Rb4 102. Rc6 Rb5 103. Rc4 Rd5 104. Rf4 Kg7 105. Re4 Kf6 106. Rb4 g5 107. Rb6+ Kf5 108. hxg5 Kxg5 109. Rb4 Rf5 110. f4+ Kg6 111. Rb6+ Kg7 112. Kh4 Ra5 113. Rd6 Kh7 114. Re6 Rf5 115. Re5 Kg7 116. Rxf5 1-0

[Event "*** Titled Tuesday Blitz"]
[Site "Chess.com"]
[Date "2020.11.24"]
[Round "8"]
[White "Chopper1905"]
[Black "sjam6687"]
[Result "1-0"]
[WhiteElo "2966"]
[BlackElo "2801"]
[TimeControl "180+1"]
[EndTime "11:39:53 PST"]
[Termination "Chopper1905 won by resignation"]

1. e4 e5 2. Nf3 Nf6 3. Nxe5 d6 4. Nf3 Nxe4 5. Nc3 Nxc3 6. dxc3 Be7 7. Be3 O-O 8. Bd3 c5 9. Qe2 Nc6 10. O-O-O Qb6 11. h4 h6 1-0

[Event "*** Titled Tuesday Blitz"]
[Site "Chess.com"]
[Date "2020.11.24"]
[Round "8"]
[White "HrvojeZagreb"]
[Black "InitiatingASC"]
[Result "1-0"]
[WhiteElo "2287"]
[BlackElo "2443"]
[TimeControl "180+1"]
[EndTime "11:40:10 PST"]
[Termination "HrvojeZagreb won by resignation"]

1. d4 Nf6 2. Bf4 g6 3. Nc3 Bg7 4. e4 d6 5. Qd2 Nbd7 6. O-O-O a6 7. Bh6 O-O 8. h4 Ne8 9. h5 f5 10. Bc4+ Rf7 11. hxg6 hxg6 12. Bxg7 Nxg7 13. Qh6 1-0

[Event "*** Titled Tuesday Blitz"]
[Site "Chess.com"]
[Date "2020.11.24"]
[Round "8"]
[White "Margency"]
[Black "dretch"]
[Result "0-1"]
[WhiteElo "2675"]
[BlackElo "2807"]
[TimeControl "180+1"]
[EndTime "11:40:34 PST"]
[Termination "dretch won by resignation"]

1. e4 e6 2. d4 d5 3. Nc3 Nf6 4. Bg5 dxe4 5. Nxe4 Be7 6. Bxf6 Bxf6 7. Nf3 Nd7 8. Qd2 O-O 9. O-O-O Be7 10. h4 b6 11.
Bd3 Bb7 12. Nfg5 h6 13. f4 c5 14. dxc5 Qc7 15. Kb1 Rad8 16. cxb6 Nxb6 17. Nf3 Bxe4 0-1

[Event "*** Titled Tuesday Blitz"]
[Site "Chess.com"]
[Date "2020.11.24"]
[Round "8"]
[White "kanzaww"]
[Black "OsorioFernando"]
[Result "0-1"]
[WhiteElo "2439"]
[BlackElo "2344"]
[TimeControl "180+1"]
[EndTime "11:40:54 PST"]
[Termination "OsorioFernando won by resignation"]

1. e4 d5 2. exd5 Nf6 3. d4 Bg4 4. Be2 Bxe2 5. Qxe2 Qxd5 6. Nf3 e6 7. O-O Bd6 8. c4 Qh5 9. Nc3 Nc6 10. d5 Nd4 0-1

[Event "*** Titled Tuesday Blitz"]
[Site "Chess.com"]
[Date "2020.11.24"]
[Round "8"]
[White "zurzan"]
[Black "politeplayer"]
[Result "0-1"]
[WhiteElo "2070"]
[BlackElo "2231"]
[TimeControl "180+1"]
[EndTime "11:40:58 PST"]
[Termination "politeplayer won by resignation"]

1. f4 e5 2. fxe5 Nc6 3. Nf3 g5 4. d4 g4 5. d5 gxf3 6. dxc6 Qh4+ 7. g3 Qe4 8. cxd7+ Bxd7 9. Kf2 fxe2 10. Bxe2 Bc5+ 0-1

[Event "*** Titled Tuesday Blitz"]
[Site "Chess.com"]
[Date "2020.11.24"]
[Round "8"]
[White "hawes33"]
[Black "Kretov_Evgenij"]
[Result "0-1"]
[WhiteElo "2242"]
[BlackElo "2456"]
[TimeControl "180+1"]
[EndTime "11:40:59 PST"]
[Termination "Kretov_Evgenij won by resignation"]

1. e4 c5 2. Nc3 Nc6 3. g3 g6 4. Bg2 Bg7 5. d3 d6 6. Be3 e5 7.
Qd2 Nge7 8. Bh6 O-O 9. h4 f6 10.
Bxg7 Kxg7 11. h5 g5 12. h6+ Kh8 13. f4 Ng6 14. Nge2 Nd4 15. O-O-O Rb8 16. Nd5 Be6 17. c4 Bxd5 18. exd5 b5 19. b3 a5 20. Nxd4 cxd4 21.
Be4 a4 22. Bxg6 hxg6 23. fxg5 axb3 24. axb3 bxc4 25. dxc4 Rxb3 26. Qc2 Rc3 0-1

[Event "*** Titled Tuesday Blitz"]
[Site "Chess.com"]
[Date "2020.11.24"]
[Round "8"]
[White "mikheeva86"]
[Black "HouseOfDurin"]
[Result "1-0"]
[WhiteElo "1982"]
[BlackElo "2113"]
[TimeControl "180+1"]
[EndTime "11:41:50 PST"]
[Termination "mikheeva86 won by checkmate"]

1. e4 c5 2. Nc3 Nc6 3. g3 e5 4.
Bg2 g6 5. d3 Bg7 6. Be3 d6 7. Qd2 h6 8. Nge2 Nge7 9. O-O Be6 10. f4 b6 11. f5 gxf5 12. exf5 Bd7 13. f6 Bxf6 14. Rxf6 Be6 15. Rxh6 Rxh6 16. Bxh6 Qd7 17. Bg5 d5 18. Bxe7 Kxe7 19. Qg5+ Kd6 20. Nb5# 1-0

[Event "*** Titled Tuesday Blitz"]
[Site "Chess.com"]
[Date "2020.11.24"]
[Round "8"]
[White "kasparicy"]
[Black "biostatistician"]
[Result "0-1"]
[WhiteElo "2394"]
[BlackElo "2544"]
[TimeControl "180+1"]
[EndTime "11:42:03 PST"]
[Termination "biostatistician won by resignation"]

1. e4 e6 2. d4 d5 3. Nd2 Nc6 4. Ngf3 Nf6 5. e5 Ne4 6. Bd3 Nxd2 7. Bxd2 Nb4 8. Be2 c5 9. c3 Nc6 10. Bd3 Bd7 11. O-O Be7 12. Rc1 O-O 13. Bb1 Rc8 14.
Be3 cxd4 15. cxd4 Na5 16. Qd3 g6 17. Rxc8 Qxc8 18. Rc1 Qd8 19. Bh6 Re8 20. g3 Qb6 21. b3 Rc8 22. h4 Rxc1+ 23. Bxc1 Bb5 24. Qc3 Qc6 25. Qxc6 Nxc6 26. h5 Be2 27. Kg2 Bxf3+ 28. Kxf3 Nxd4+ 29. Ke3 Nc6 30. hxg6 hxg6 31. f4 Bc5+ 32.
Kd3 Kf8 33. g4 g5 34. a3 gxf4 35. b4 Nxe5+ 36. Ke2 Be3 0-1

[Event "*** Titled Tuesday Blitz"]
[Site "Chess.com"]
[Date "2020.11.24"]
[Round "8"]
[White "LikeWater"]
[Black "XDPS"]
[Result "0-1"]
[WhiteElo "2610"]
[BlackElo "2706"]
[TimeControl "180+1"]
[EndTime "11:42:09 PST"]
[Termination "XDPS won by resignation"]

1. e4 c5 2. Nc3 d6 3. f4 g6 4. Nf3 Bg7 5. Bb5+ Nd7 6. O-O a6 7.
Bc4 e6 8. f5 Ne5 9. fxe6 fxe6 10. Nxe5 Bxe5 11. d3 Bd7 12. Qg4 Nf6 13. Rxf6 Qxf6 14.
Bg5 Qf7 0-1

[Event "*** Titled Tuesday Blitz"]
[Site "Chess.com"]
[Date "2020.11.24"]
[Round "8"]
[White "FontVella8"]
[Black "saraswathii"]
[Result "1-0"]
[WhiteElo "2550"]
[BlackElo "2404"]
[TimeControl "180+1"]
[EndTime "11:42:09 PST"]
[Termination "FontVella8 won by resignation"]

1. e4 c5 2. Nf3 e6 3. d4 cxd4 4. Nxd4 Nf6 5. Bd3 Nc6 6. Nxc6 bxc6 7. O-O d5 8. e5 Nd7 9. f4 c5 10. c4 Bb7 11. Nc3 Nb6 12. cxd5 Nxd5 13. Bb5+ Ke7 14. f5 f6 15. exf6+ Nxf6 16. Qe2 Qb6 17. Na4 Qd6 18.
Bf4 Qd4+ 19. Kh1 Qe4 20. Nxc5 Qxe2 21. Bxe2 Bd5 22. Nxe6 Bxe6 23. fxe6 Kxe6 24. Bc4+ Kf5 25. Rae1 Bb4 26. Re5+ Kg6 27. Rg5+ 1-0

[Event "*** Titled Tuesday Blitz"]
[Site "Chess.com"]
[Date "2020.11.24"]
[Round "8"]
[White "bylavochka"]
[Black "Chessbard1972"]
[Result "0-1"]
[WhiteElo "2139"]
[BlackElo "2325"]
[TimeControl "180+1"]
[EndTime "11:42:14 PST"]
[Termination "Chessbard1972 won by resignation"]

1. e4 c5 2. Nf3 a6 3. d4 cxd4 4. Nxd4 e6 5. c4 Qc7 6. Nc3 Nf6 7. Bd3 Bc5 8. Nb3 Ba7 9. O-O Nc6 10. a3 h5 11. Be3 Ng4 12. g3 Bxe3 13. fxe3 Nxe3 14.
Qf3 Nxf1 15. Rxf1 Ne5 16. Qf4 h4 17. Nd2 hxg3 18. hxg3 Qc5+ 0-1

[Event "*** Titled Tuesday Blitz"]
[Site "Chess.com"]
[Date "2020.11.24"]
[Round "8"]
[White "jacky72"]
[Black "SchmakAttack"]
[Result "0-1"]
[WhiteElo "2679"]
[BlackElo "2521"]
[TimeControl "180+1"]
[EndTime "11:42:15 PST"]
[Termination "SchmakAttack won by resignation"]

1. d4 Nf6 2. c4 e6 3. Nf3 d5 4. Nc3 dxc4 5. e3 a6 6. Bxc4 b5 7. Bb3 Bb7 8. O-O c5 9. e4 cxd4 10. Nxd4 Nbd7 11. Re1 Qc7 12. Bg5 Bd6 13. Ndxb5 axb5 14. Nxb5 Bxh2+ 15. Kh1 Qe5 16. f4 Bxf4 17. Bxf4 Qxf4 18.
Nd6+ Ke7 19. Nxb7 Ng4 20. Kg1 Qh2+ 21. Kf1 Qh1+ 22. Ke2 Qxg2+ 23. Kd3 Nf2+ 24. Kd4 Nxd1 25. Raxd1 Rhb8 26. Re2 Qxe2 0-1

[Event "*** Titled Tuesday Blitz"]
[Site "Chess.com"]
[Date "2020.11.24"]
[Round "8"]
[White "GukeshDommaraju"]
[Black "Alexander_Kachko"]
[Result "1-0"]
[WhiteElo "2900"]
[BlackElo "2775"]
[TimeControl "180+1"]
[EndTime "11:42:22 PST"]
[Termination "GukeshDommaraju won by resignation"]

1. e4 Nc6 2. Nc3 e5 3. Nf3 Bc5 4. Nxe5 Bxf2+ 5. Kxf2 Nxe5 6. d4 Ng6 7. Bc4 N8e7 8. Rf1 c6 9. Kg1 d5 10. exd5 cxd5 11. Qf3 Be6 12. Bb5+ Kf8 13. Bg5 h6 14. Rae1 Kg8 15. Bxe7 Nxe7 16. Rxe6 fxe6 17. Qf7+ Kh7 18. Bd3+ 1-0

[Event "*** Titled Tuesday Blitz"]
[Site "Chess.com"]
[Date "2020.11.24"]
[Round "8"]
[White "Eternauta2400"]
[Black "tan275"]
[Result "1-0"]
[WhiteElo "2415"]
[BlackElo "2191"]
[TimeControl "180+1"]
[EndTime "11:42:25 PST"]
[Termination "Eternauta2400 won by resignation"]

1. Nf3 d5 2. c4 e6 3. g3 Nf6 4. Bg2 d4 5. O-O c5 6. Ne5 Bd6 7. Nf3 Nc6 8. b4 cxb4 9. a3 O-O 10. axb4 Bxb4 11. Ba3 a5 12. Bxb4 Nxb4 13. d3 Ra7 14.
Na3 b6 15. Nb5 Rd7 16. Rc1 Bb7 17. Ne5 Bxg2 18. Kxg2 Qa8+ 19. Kg1 Rdd8 20. Qd2 Nd7 21. Nf3 Nc5 22. Qb2 Na4 23. Qa1 Nc5 24. Nfxd4 e5 25. Nf5 f6 26. Qb2 Qc6 27. Ne7+ 1-0

[Event "*** Titled Tuesday Blitz"]
[Site "Chess.com"]
[Date "2020.11.24"]
[Round "8"]
[White "FearNoEvil12"]
[Black "TurboSteen"]
[Result "1-0"]
[WhiteElo "2150"]
[BlackElo "1969"]
[TimeControl "180+1"]
[EndTime "11:42:35 PST"]
[Termination "FearNoEvil12 won by resignation"]

1. e4 e6 2. d4 d5 3. Nc3 Bb4 4. Qd3 Ne7 5. Qg3 O-O 6. e5 Nf5 7. Qg4 c5 8. a3 Qa5 9. Bd2 cxd4 10. Nb1 Bxd2+ 11. Nxd2 Nc6 12. Nf3 Bd7 13. Bd3 f6 14.
exf6 Rxf6 15. O-O e5 16. Nb3 Qc7 17. Bxf5 Bxf5 18. Qg3 Raf8 19. Rae1 Bxc2 20. Nbxd4 exd4 21. Qxc7 d3 22. Qxb7 Rxf3 23. Qxc6 R3f5 24. Qe6+ Kh8 25. Qxf5 1-0

[Event "*** Titled Tuesday Blitz"]
[Site "Chess.com"]
[Date "2020.11.24"]
[Round "8"]
[White "frederiksvane"]
[Black "bratkoo"]
[Result "1-0"]
[WhiteElo "2733"]
[BlackElo "2528"]
[TimeControl "180+1"]
[EndTime "11:42:43 PST"]
[Termination "frederiksvane won by resignation"]

1. e4 g6 2. d4 Bg7 3. Nf3 d6 4.
Nbd2 a6 5. Bd3 c5 6. c3 Nc6 7. d5 Ne5 8. Nxe5 Bxe5 9. O-O Bg7 10. a4 Nf6 11. Nc4 O-O 12. h3 Rb8 13. a5 Bd7 14. Bf4 Bb5 15. Re1 Nd7 16. Qc2 b6 17. axb6 Nxb6 18. Na5 Qc7 19. Bf1 Bxf1 20. Kxf1 e5 21. Bd2 f5 22. Nc6 Ra8 23. b4 fxe4 24.
Qxe4 Qf7 25. Be3 Nxd5 26. Qxd5 Qxd5 27. Ne7+ Kf7 28. Nxd5 Ke6 29. Nc7+ 1-0

[Event "*** Titled Tuesday Blitz"]
[Site "Chess.com"]
[Date "2020.11.24"]
[Round "8"]
[White "Korchmar_Vasiliy"]
[Black "yourstrulyme"]
[Result "1-0"]
[WhiteElo "2602"]
[BlackElo "2477"]
[TimeControl "180+1"]
[EndTime "11:42:45 PST"]
[Termination "Korchmar_Vasiliy won by checkmate"]

1. e4 c6 2. Nf3 d5 3. Nc3 dxe4 4.
Nxe4 Nf6 5. Nxf6+ exf6 6. d4 Bd6 7. Bd3 O-O 8. O-O Bg4 9. c3 Re8 10. h3 Bh5 11. g4 Bg6 12. Nh4 Nd7 13. Nf5 Bxf5 14.
gxf5 Nf8 15. Qf3 Bc7 16. Bd2 Qd6 17. Rfe1 Qh2+ 18. Kf1 h6 19. Qg2 Qd6 20. Bxh6 g6 21. fxg6 fxg6 22. Bxg6 Rxe1+ 23. Rxe1 Qh2 24. Bf7+ Kxf7 25.
Qg7# 1-0

[Event "*** Titled Tuesday Blitz"]
[Site "Chess.com"]
[Date "2020.11.24"]
[Round "8"]
[White "GameOverBro"]
[Black "Skat2704"]
[Result "1-0"]
[WhiteElo "2510"]
[BlackElo "2375"]
[TimeControl "180+1"]
[EndTime "11:42:50 PST"]
[Termination "GameOverBro won by resignation"]

1. e4 c6 2. Nc3 d5 3. Nf3 dxe4 4. Nxe4 Nf6 5. Qe2 e6 6. d4 Nbd7 7. Bf4 Nxe4 8. Qxe4 Nf6 9. Qd3 h6 10. g3 Bd6 11.
Ne5 Nd5 12. Bd2 Bxe5 13. dxe5 O-O 14. O-O-O b5 15. Qe4 a5 16. Bd3 g6 17. Bxh6 Re8 18.
h4 Qb6 19. h5 Ne7 20. Be3 Qc7 21. hxg6 Nxg6 22. Rh6 Bb7 23. Rdh1 c5 24. Rh8+ Nxh8 25. Rxh8+ 1-0

[Event "*** Titled Tuesday Blitz"]
[Site "Chess.com"]
[Date "2020.11.24"]
[Round "8"]
[White "esskeettit"]
[Black "HanSchut"]
[Result "0-1"]
[WhiteElo "2443"]
[BlackElo "2218"]
[TimeControl "180+1"]
[EndTime "11:42:53 PST"]
[Termination "HanSchut won by resignation"]

1. d4 Nf6 2. c4 g6 3. Nc3 d5 4. cxd5 Nxd5 5. e4 Nxc3 6. bxc3 Bg7 7. Nf3 c5 8. Be3 Qa5 9. Qd2 Nc6 10. Rc1 cxd4 11.
cxd4 Qxd2+ 12. Kxd2 O-O 13. Bb5 f5 14. Bxc6 bxc6 15.
exf5 Bxf5 16. Rxc6 Rab8 17. Ke2 Rb2+ 18. Nd2 Be4 19.
Rc7 Bxg2 20. Rhc1 e5 21. dxe5 Bxe5 22. Rxa7 Bxh2 23. Bd4 Rb7 24. Rxb7 Bxb7 25. Rc7 Bxc7 0-1

[Event "*** Titled Tuesday Blitz"]
[Site "Chess.com"]
[Date "2020.11.24"]
[Round "8"]
[White "Supernotar"]
[Black "ShahMatKanal"]
[Result "1/2-1/2"]
[WhiteElo "2830"]
[BlackElo "2518"]
[TimeControl "180+1"]
[EndTime "11:42:54 PST"]
[Termination "Game drawn by agreement"]

1. d4 e6 2. c4 d5 3. Nf3 Nf6 4. e3 b6 5. Nbd2 Bb7 6. Bd3 Be7 7. O-O O-O 8. b3 c5 9. Bb2 cxd4 10. Nxd4 Nc6 11. Qe2 Nb4 12. Bb1 dxc4 13. Nxc4 Qd5 14. f3 Qh5 15. a3 Nc6 16. Nxc6 Bxc6 17. Bd3 Rfd8 18. Rfd1 Nd5 19. Ne5 Be8 20. Rac1 Bf6 21. Bd4 Bxe5 22. g4 Qg5 23. h4 1/2-1/2

[Event "*** Titled Tuesday Blitz"]
[Site "Chess.com"]
[Date "2020.11.24"]
[Round "8"]
[White "shnitez"]
[Black "Nikolakis2014"]
[Result "0-1"]
[WhiteElo "2518"]
[BlackElo "2723"]
[TimeControl "180+1"]
[EndTime "11:43:04 PST"]
[Termination "Nikolakis2014 won by resignation"]

1. c4 Nf6 2. Nc3 g6 3. e4 d6 4. d4 Bg7 5. Nf3 O-O 6. Be2 e5 7. O-O Na6 8. h3 exd4 9. Nxd4 Re8 10. f3 Nc5 11. b4 Ne6 12. Nb3 Nh5 13. Bd2 Nef4 14. Kh2 Qg5 15. g4 Qh4 16. Bxf4 Nxf4 0-1

[Event "*** Titled Tuesday Blitz"]
[Site "Chess.com"]
[Date "2020.11.24"]
[Round "8"]
[White "DarZay"]
[Black "OscarAng"]
[Result "1/2-1/2"]
[WhiteElo "2125"]
[BlackElo "2362"]
[TimeControl "180+1"]
[EndTime "11:43:06 PST"]
[Termination "Game drawn by repetition"]

1. e4 d5 2. exd5 Qxd5 3. Nc3 Qa5 4. d4 c6 5. Nf3 Nf6 6. Be2 Bg4 7. O-O e6 8. Ne5 Bxe2 9. Qxe2 Nbd7 10. Bd2 Qc7 11.
f4 Bd6 12. Rae1 O-O 13. Ne4 Nxe4 14. Qxe4 Rae8 15. c4 Nf6 16. Qf3 c5 17. Bc3 cxd4 18.
Bxd4 Bc5 19. Bxc5 Qxc5+ 20. Kh1 Rd8 21. Rd1 b6 22. a3 a5 23. h3 Qc7 24. g4 Rxd1 25.
Rxd1 Rd8 26. g5 Rxd1+ 27. Qxd1 Ne4 28. Qd7 Qxd7 29. Nxd7 Nf2+ 30. Kg2 Nd3 31. Nxb6 Kf8 32. b3 Nxf4+ 33. Kg3 e5 34. Nd7+ Ke8 35. Nxe5 Ne2+ 36.
Kf3 Nd4+ 37. Ke4 Nxb3 38. Nc6 Kd7 39. Ne5+ Ke6 40. Nd3 f5+ 41. gxf6 gxf6 42. Nf4+ Kd6 43. Nd5 Ke6 44. Nf4+ Kd6 45. Nd5 Ke6 46. Nf4+ 1/2-1/2

[Event "*** Titled Tuesday Blitz"]
[Site "Chess.com"]
[Date "2020.11.24"]
[Round "8"]
[White "SantoBlue"]
[Black "Chesswizard_2007"]
[Result "0-1"]
[WhiteElo "2883"]
[BlackElo "2662"]
[TimeControl "180+1"]
[EndTime "11:43:13 PST"]
[Termination "Chesswizard_2007 won by resignation"]

1. e4 e5 2. Nf3 Nc6 3. Bb5 a6 4. Ba4 Nf6 5. O-O Nxe4 6. Re1 Nc5 7. Nxe5 Nxe5 8. Rxe5+ Be7 9. Bb3 O-O 10. d4 Nxb3 11.
axb3 Bf6 12. Re1 d5 13. Bf4 Bf5 14. Nd2 Bxd4 15. c3 Bf6 16. Nf3 Bg4 17. h3 Bxf3 18. Qxf3 Qd7 19. b4 c6 20. Be3 Rfe8 21. Bb6 h6 22. Qf4 Kh7 23. Kf1 Rxe1+ 24. Rxe1 Re8 25. Rxe8 Qxe8 26. Bd4 Bxd4 27. Qxd4 Qe4 28. Qxe4+ dxe4 29. Ke2 f5 30. Ke3 Kg6 31. Kd4 Kf6 32. g3 Ke6 33. Kc5 Ke5 34. c4 g5 35. Kb6 f4 36. gxf4+ gxf4 37.
Kxb7 e3 0-1

[Event "*** Titled Tuesday Blitz"]
[Site "Chess.com"]
[Date "2020.11.24"]
[Round "8"]
[White "2346PL"]
[Black "dosto07"]
[Result "1-0"]
[WhiteElo "2439"]
[BlackElo "2315"]
[TimeControl "180+1"]
[EndTime "11:43:13 PST"]
[Termination "2346PL won by resignation"]

1. d4 d5 2. Nc3 Nf6 3. Bf4 c6 4. e3 Bf5 5. f3 h6 6. g4 Bh7 7. h4 e6 8. Bd3 Bxd3 9. Qxd3 Bd6 10. Nge2 Na6 11. a3 Bxf4 12. Nxf4 Qe7 13. O-O-O O-O-O 14. g5 Nd7 15. g6 e5 16. Nh5 f6 17. e4 exd4 18. Qxd4 Nb6 19. exd5 Nxd5 20. Rhe1 Nxc3 21. Rxe7 Rxd4 22. Rxd4 Nd5 23. Rxg7 Nc5 24. Rxd5 cxd5 25. Nxf6 Ne6 26. Re7 Nf4 27. g7 Rd8 28. Re8 1-0

[Event "*** Titled Tuesday Blitz"]
[Site "Chess.com"]
[Date "2020.11.24"]
[Round "8"]
[White "lefonghua"]
[Black "ZverevLev"]
[Result "0-1"]
[WhiteElo "2500"]
[BlackElo "2316"]
[TimeControl "180+1"]
[EndTime "11:43:18 PST"]
[Termination "ZverevLev won by resignation"]

1. d4 Nf6 2. c4 e6 3. Nc3 Bb4 4. f3 c5 5. d5 O-O 6. e4 b5 7. e5 Ne8 8. f4 d6 9. Nf3 dxe5 10. fxe5 bxc4 11. Bxc4 Bb7 12. dxe6 Qxd1+ 13. Kxd1 fxe6 14. Bxe6+ Kh8 15. Ng5 h6 16. Nf7+ Kh7 17. Bc4 Bxg2 18. Rg1 Bf3+ 19. Kc2 Nc6 20. a3 Nd4+ 21. Kd3 Ba5 22. Be3 Nc7 23. Bxd4 cxd4 24. Nb5 Nxb5 25. Bxb5 Rxf7 26. Kxd4 Bb6+ 0-1

[Event "*** Titled Tuesday Blitz"]
[Site "Chess.com"]
[Date "2020.11.24"]
[Round "8"]
[White "JulAnt"]
[Black "BlackGod93"]
[Result "0-1"]
[WhiteElo "2438"]
[BlackElo "2282"]
[TimeControl "180+1"]
[EndTime "11:43:20 PST"]
[Termination "BlackGod93 won by resignation"]

1. e4 e5 2. Nf3 Nc6 3. Bb5 a6 4. Ba4 Nf6 5. O-O Nxe4 6. d4 b5 7. Bb3 d5 8. dxe5 Be6 9. c3 Bc5 10. Qe2 O-O 11. Be3 Bg4 12. Bxc5 Nxc5 13. Qe3 Nxb3 14.
axb3 Bxf3 15. gxf3 d4 16. cxd4 Qxd4 17. f4 Qxb2 18.
Nd2 Nd4 19. Kh1 Nc2 20. Rab1 Nxe3 21. Rxb2 Nxf1 22. Nxf1 c5 23. Rc2 Rfc8 24. Ne3 a5 25. Nd5 Ra7 26. f5 a4 27. bxa4 bxa4 28. e6 fxe6 29.
fxe6 Kf8 30. Rc4 a3 31. e7+ Ke8 32. Rf4 Rxe7 33. Nxe7 Kxe7 34. Ra4 c4 35. Rxa3 c3 36. Ra1 c2 37. Rc1 Ke6 38. Kg1 Kd5 39. Kf1 Kd4 40.
Ke2 Kc3 0-1

[Event "*** Titled Tuesday Blitz"]
[Site "Chess.com"]
[Date "2020.11.24"]
[Round "8"]
[White "zaur-mammadov"]
[Black "TrickyFortem"]
[Result "0-1"]
[WhiteElo "2646"]
[BlackElo "2513"]
[TimeControl "180+1"]
[EndTime "11:43:24 PST"]
[Termination "TrickyFortem won by resignation"]

1. e4 c5 2. c3 d5 3. exd5 Qxd5 4. d4 Nf6 5. Nf3 Bg4 6. Nbd2 Nc6 7. Bc4 Qd6 8. Qb3 e6 9. Qxb7 Rb8 10. Qa6 cxd4 11.
Bb5 Rb6 12. Qc8+ Ke7 13. Nc4 Qc5 14. Nxb6 Qxb5 15. Qb7+ Kd8 16. Qc8+ Ke7 17. Qc7+ Ke8 18. Nc8 Bxf3 19. gxf3 dxc3 20. bxc3 Nd5 21. Nd6+ Bxd6 22.
Qxd6 Nxc3 23. Qd2 Nd4 0-1

[Event "*** Titled Tuesday Blitz"]
[Site "Chess.com"]
[Date "2020.11.24"]
[Round "8"]
[White "boasovietica"]
[Black "poneis_malditos"]
[Result "1-0"]
[WhiteElo "2421"]
[BlackElo "2295"]
[TimeControl "180+1"]
[EndTime "11:43:26 PST"]
[Termination "boasovietica won by checkmate"]

1. e4 c5 2. Nf3 e6 3. Nc3 a6 4.
g3 b5 5. Bg2 Bb7 6. d3 d5 7.
O-O d4 8. Ne2 Nc6 9. Ne1 h5 10.
h3 h4 11. g4 g6 12. f4 f5 13. exf5 exf5 14. gxf5 gxf5 15. Kh2 Qc7 16. a4 b4 17. c3 O-O-O 18. cxd4 Nxd4 19. Nxd4 Rxd4 20. Be3 Rd7 21.
Rc1 Bxg2 22. Nxg2 Nf6 23. Qc2 Kb8 24. Bxc5 Bxc5 25. Qxc5 Qxc5 26. Rxc5 Rxd3 27. Rxf5 Ne4 28. Re1 Ng3 29. Rf7 Rd2 30. Rg7 Rxb2 31. Ree7 Rd8 32. Rb7+ Kc8 33. Rgc7# 1-0

[Event "*** Titled Tuesday Blitz"]
[Site "Chess.com"]
[Date "2020.11.24"]
[Round "8"]
[White "Orest_Vovk"]
[Black "MattyDPerrine"]
[Result "1-0"]
[WhiteElo "2538"]
[BlackElo "2382"]
[TimeControl "180+1"]
[EndTime "11:43:31 PST"]
[Termination "Orest_Vovk won by resignation"]

1. h3 d5 2. e4 dxe4 3. Nc3 e5 4. Nxe4 Nc6 5. Bc4 f5 6. Nc3 Nf6 7. d3 Na5 8. Bb5+ c6 9. Ba4 b5 10. Bb3 Nxb3 11. axb3 Bc5 12. Qe2 O-O 13. Be3 Qe7 14. Bxc5 Qxc5 15. Qe3 Qxe3+ 16. fxe3 f4 17. exf4 exf4 18.
Nf3 Re8+ 19. Kd2 Bf5 20. Rhe1 Rxe1 21. Rxe1 Kf8 22. Nd4 Bd7 23. Ne6+ Bxe6 24. Rxe6 Rc8 25.
Ne4 Kf7 26. Rxf6+ 1-0

[Event "*** Titled Tuesday Blitz"]
[Site "Chess.com"]
[Date "2020.11.24"]
[Round "8"]
[White "A-S-00"]
[Black "GMaka"]
[Result "0-1"]
[WhiteElo "2302"]
[BlackElo "2427"]
[TimeControl "180+1"]
[EndTime "11:43:33 PST"]
[Termination "GMaka won by resignation"]

1. e4 e5 2. Nf3 Nf6 3. d3 Nc6 4. g3 Bc5 5. Bg2 O-O 6. O-O d6 7. c3 Bg4 8. h3 Bh5 9. b4 Bb6 10. Bb2 a6 11. a4 d5 12. exd5 Nxd5 13. Nbd2 Re8 14. Qb3 Nde7 15. Nc4 Bxf3 16. Bxf3 Qxd3 17. Bd1 Qxg3+ 0-1

[Event "*** Titled Tuesday Blitz"]
[Site "Chess.com"]
[Date "2020.11.24"]
[Round "8"]
[White "GMJustin"]
[Black "djano"]
[Result "0-1"]
[WhiteElo "2284"]
[BlackElo "2463"]
[TimeControl "180+1"]
[EndTime "11:43:41 PST"]
[Termination "djano won on time"]

1. e4 c5 2. Nf3 e6 3. d4 cxd4 4. Nxd4 a6 5. Be2 g6 6. O-O Bg7 7. c4 Ne7 8. Nc3 Nbc6 9. Nc2 O-O 10. Bf4 f5 11. Bd6 fxe4 12. Nxe4 Bxb2 13. Rb1 Be5 14. c5 Nf5 15. Bxe5 Nxe5 16. f4 Nf7 17. Qd2 d5 18. cxd6 N5xd6 19. Nxd6 Qxd6 20. Qe3 b5 21. Bf3 Rb8 22. Rfd1 Qc7 23. Nd4 e5 0-1

[Event "*** Titled Tuesday Blitz"]
[Site "Chess.com"]
[Date "2020.11.24"]
[Round "8"]
[White "Aureliano-Buendia"]
[Black "Smile2005"]
[Result "1-0"]
[WhiteElo "2489"]
[BlackElo "2356"]
[TimeControl "180+1"]
[EndTime "11:43:47 PST"]
[Termination "Aureliano-Buendia won by resignation"]

1. Nf3 Nf6 2. c4 g6 3. Nc3 Bg7 4. e4 O-O 5. d4 d6 6. Be2 e5 7. O-O exd4 8. Nxd4 Re8 9. f3 Nc6 10. Be3 Nh5 11. Qd2 Nf4 12. Nxc6 Nxe2+ 13. Nxe2 bxc6 14. Nd4 c5 15. Ne2 Be6 16. Rac1 Qb8 17. b3 a5 18. Nc3 Qb4 19. Nd5 Qxd2 20. Bxd2 Bxd5 21. cxd5 a4 22. b4 Bd4+ 23. Kh1 f5 24.
exf5 Re2 25. Rfd1 gxf5 26. a3 Rae8 27. bxc5 dxc5 28. h3 Kf7 29. Bc3 Be3 30. Rb1 Ra2 31. Rb7 Bf4 32. d6 Ree2 33. d7 Rxg2 34. Bb2 1-0